 Dungeon Crawl Stone Soup version 0.28-a0-730-g892d06dc2c (webtiles) character file.

Game seed: 5348860126890401822

91 KoroneIsBestGirl the Chiller (level 4, 0/27 HPs)
             Began as an Octopode Ice Elementalist on Oct 29, 2021.
             Succumbed to a goblin's poison
             ... on level 3 of the Dungeon.
             The game lasted 00:04:40 (2612 turns).

KoroneIsBestGirl the Chiller (OpIE)                 Turns: 2612, Time: 00:04:41

Health: 0/27       AC:  1    Str:  7    XL:     4   Next: 59%
Magic:  8/8        EV: 13    Int: 18    God:
Gold:   76         SH:  3    Dex: 12    Spells: 4/8 levels left

rFire   . . .      SeeInvis +   d - +0 spear
rCold   . . .      Faith    .   k - +0 buckler
rNeg    . . .      Spirit   .   (helmet restricted)
rPois   .          Reflect  .   (no amulet)
rElec   .          Harm     .   h - ring of see invisible
rCorr   +          Rampage  .   m - ring of resist corrosion
Will    .....                   (no ring)
Stlth   +++.......              (no ring)
HPRegen 0.09/turn               (no ring)
MPRegen 0.11/turn               (no ring)
                                (no ring)
                                (no ring)

@: lethally poisoned (0 -> -16)
A: almost no armour, amphibious, 8 rings, camouflage 1, gelatinous body 1,
(nimble swimmer 1), tentacles
a: no special abilities


You were on level 3 of the Dungeon.
You visited 1 branch of the dungeon, and saw 3 of its levels.

You collected 76 gold pieces.

Inventory:

Hand Weapons
 d - a +0 spear (weapon)
Armour
 k - a +0 buckler (worn)
Jewellery
 h - a ring of see invisible (left tentacle)
 m - a ring of resist corrosion (right tentacle)
Wands
 p - a wand of acid (6)
Scrolls
 a - a scroll of noise {unknown}
 b - a scroll of brand weapon {unknown}
 e - a scroll of amnesia {unknown}
 f - a scroll of vulnerability {unknown}
 g - 2 scrolls of summoning {unknown}
 i - a scroll of teleportation {unknown}
 l - a scroll of fog {unknown}
 n - a scroll of enchant weapon {unknown}
Potions
 c - a potion of might {unknown}
 j - a potion of cancellation {unknown}
 o - a potion of heal wounds {unknown}
 q - a potion of curing {unknown}


   Skills:
 + Level 3.0 Dodging
 - Level 2.6 Stealth
 + Level 1.2 Shields
 + Level 2.8 Spellcasting
 + Level 4.5 Ice Magic


You had 4 spell levels left.
You knew the following spells:

 Your Spells              Type           Power      Damage    Failure   Level
a - Freeze                Ice            76%        1d9       3%          1
b - Frozen Ramparts       Ice            38%        1d5       11%         3

Your spell library contained the following spells:

 Spells                   Type           Power      Damage    Failure   Level
 Ozocubu's Armour         Ice            19%        N/A       11%         3
 Call Canine Familiar     Summ           2%         N/A       56%         3
 Portal Projectile        Hex/Tloc       4%         N/A       56%         3
 Hailstorm                Conj/Ice       10%        3d5       67%         4
 Leda's Liquefaction      Hex/Erth       1%         N/A       93%         4


Dungeon Overview and Level Annotations

Branches:
Dungeon (3/15)

Altars:


Innate Abilities, Weirdness & Mutations

You cannot wear most types of armour.
You are amphibious.
You can wear up to eight rings at the same time.
Your skin changes colour to match your surroundings (Stealth+).
Your rubbery body absorbs attacks. (AC +1, EV +1)
((You are camouflaged near water. (Stealth+)))
You have tentacles for arms and can constrict up to eight enemies at once.


Message History

No target in view!
No target in view!
No target in view!
No target in view!
No target in view!
No target in view!
An adder is nearby!
A goblin and a hobgoblin come into view.
The goblin is wielding a +1 dagger of venom.
You block the adder's attack.
You miss the adder. Your grab misses the adder. The adder barely misses you.
You closely miss the adder. Your grab misses the adder.
The adder closely misses you. The adder bites you.
You miss the adder. Your grab misses the adder. The adder barely misses you.
You barely miss the adder. Your grab misses the adder.
Your squeeze misses the adder. The adder barely misses you.
The adder bites you.
You closely miss the adder. Your grab misses the adder.
The goblin shouts!
The adder closely misses you.
You closely miss the adder.
The hobgoblin shouts!
Your grab misses the adder. The adder bites you. You block the adder's attack.
You barely miss the adder. You grab the adder. You constrict the adder.
The adder bites you.
You are poisoned.
The adder poisons you!
You hit the adder.
The adder is heavily wounded.
You constrict the adder.
You feel sick. The adder barely misses you.
The goblin hits you with a +1 dagger of venom.
The adder bites you.
* * * LOW HITPOINT WARNING * * *
The goblin hits you with a +1 dagger of venom.
* * * LOW HITPOINT WARNING * * *
You are more poisoned.
You hit the adder.
The adder is severely wounded.
You constrict the adder.
You die...

..................
#..........#######.#
##########...#####.#
... ...............#
.#.
.....#.......#.###
...
.#......#...."... ..
....#...!.#....#####
#.
.#....#....#)S.....#
.# #...#...#..@#..
.. #..#..#..#gg...#
# #.#.#.#.#.#.#.##
##.##.##.##?#.# #[
## ## .## # # . #
##### .....


You could see an adder, a hobgoblin and a goblin.

Vanquished Creatures
  4 adders
  2 worms (D:2)
  A dart slug (D:1)
  An orc (D:3)
  2 endoplasms
  7 goblins
  4 hobgoblins
  2 jackals (D:2)
  4 kobolds
  A quokka (D:3)
  5 ball pythons
  6 bats
  6 frilled lizards
  3 rats (D:1)
48 creatures vanquished.

Notes
Turn   | Place    | Note
-------+----------+-------------------------------------------
     0 | D:1      | KoroneIsBestGirl the Octopode Ice Elementalist began the
                  | quest for the Orb.
     0 | D:1      | Reached XP level 1. HP: 11/11 MP: 3/3
   229 | D:1      | Reached XP level 2. HP: 17/17 MP: 5/5
  1116 | D:2      | Reached XP level 3. HP: 21/21 MP: 6/6
  1196 | D:2      | Learned a level 3 spell: Frozen Ramparts
  2035 | D:2      | Reached XP level 4. HP: 22/27 MP: 7/7
  2273 | D:3      | Reached skill level 1 in Shields
  2612 | D:3      | Succumbed to a goblin's poison

Illustrated notes

Levels and vault maps discovered:
D:1:      heliophobic_arrival_henge, layout_loops_ring, minivault_23
D:2:      layout_basic
D:3:      layout_basic, minmay_increasing_density

Skill      XL: |  1  2  3  4 |
---------------+-------------+-----
Shields        | 1 |  1.2
Dodging        | 3 |  3.0
Stealth        | |  2.6
Spellcasting   | |  2.8
Ice Magic      | |  4.5

Action                   |  1- 3 |  4- 6 || total
-------------------------+-------+-------++-------
Melee: Unarmed           |     6 |       ||     6
       Tentacles         |    11 |     3 ||    14
       Constrict         |    15 |     8 ||    23
       Spear             |    72 |    56 ||   128
 Cast: Freeze            |     6 |       ||     6
 Stab: Sleeping          |    15 |     6 ||    21
Armor: Skin              |     4 |     4 ||     8
Dodge: Dodged            |    32 |    31 ||    63
Block: Buckler           |     3 |    10 ||    13

Table legend: (Time is in decaauts)
 A = Elapsed time spent in this place.
 B = Non-inter-level travel time spent in this place.
 C = Inter-level travel time spent in this place.
 D = Time resting spent in this place.
 E = Time spent auto-exploring this place.
 F = Levels seen in this place.
 G = Mean time per level.
                   A        B        C        D        E       F      G
               +--------+--------+--------+--------+--------+-----+--------+
         Total |   2628 |   2562 |     66 |      0 |   2193 |   3 |  876.0 |
       Dungeon |   2628 |   2562 |     66 |      0 |   2193 |   3 |  876.0 |
               +--------+--------+--------+--------+--------+-----+--------+

Top non-repeatable levels by time:
     D:2: 1144 daAuts
     D:1: 1107 daAuts
     D:3: 377 daAuts
